TOP OF THE 1ST |
Trenton Stars batting - Pitching for Chattanooga Chinpokomon : LHP Dwight Livingston
|
Pitching: LHP Dwight Livingston
|
|
Batting: SHB Nick Marshall
|
0-0: Foul Ball, location: 2F 0-1: Foul Ball, location: 2F 0-2: Strikes out looking
|
Batting: LHB Eugene Miller
|
0-0: Called Strike 0-1: Ball 1-1: Ball 2-1: Called Strike 2-2: Strikes out looking
|
Batting: RHB Roberto Chávez
|
0-0: Called Strike 0-1: Called Strike 0-2: Strikes out swinging
|
Top of the 1st over - 0 run(s), 0 hit(s), 0 error(s), 0 left on base; Trenton 0 - Chattanooga 0 |
BOTTOM OF THE 1ST |
Chattanooga Chinpokomon batting - Pitching for Trenton Stars : RHP Darrell Stanley
|
Pitching: RHP Darrell Stanley
|
|
Batting: RHB Patrick Potts
|
0-0: SOLO HOME RUN (Flyball, 7D), Distance : 384 ft
|
Batting: RHB Kyung-bok Cho
|
0-0: Called Strike 0-1: Called Strike 0-2: Foul Ball, location: 2F 0-2: Ball 1-2: Ball 2-2: Ball 3-2: Base on Balls
|
Batting: RHB Casey Fox
|
0-0: Called Strike Kyung-bok Cho steals 2nd base 0-1: Ground out 5-3 (Groundball, 56)
|
Batting: RHB Cristo García
|
0-0: Called Strike 0-1: Foul Ball, location: 2F 0-2: Ball 1-2: Strikes out swinging
|
Batting: RHB Armando Cuevas
|
0-0: Ball 1-0: Ball 2-0: Called Strike 2-1: Foul Ball, location: 2F 2-2: Foul Ball, location: 2F 2-2: Ground out 5-3 (Groundball, 56)
|
Bottom of the 1st over - 1 run(s), 1 hit(s), 0 error(s), 1 left on base; Trenton 0 - Chattanooga 1 |
TOP OF THE 2ND |
Trenton Stars batting - Pitching for Chattanooga Chinpokomon : LHP Dwight Livingston
|
Batting: LHB Ricardo Brandariz
|
0-0: Called Strike 0-1: Foul Ball, location: 2F 0-2: Ground out 1-3 (Groundball, P)
|
Batting: RHB Chris Cole
|
0-0: Called Strike 0-1: Foul Ball, location: 2F 0-2: Foul Ball, location: 2F 0-2: Ball 1-2: Fly out, F9 (Flyball, 9LS)
|
Now in RF: Donald White
|
|
Batting: LHB Ju-wei Shiu
|
0-0: Ball 1-0: Foul Ball, location: 2F 1-1: Called Strike 1-2: Foul Ball, location: 2F 1-2: Ball 2-2: Strikes out swinging
|
Top of the 2nd over - 0 run(s), 0 hit(s), 0 error(s), 0 left on base; Trenton 0 - Chattanooga 1 |
BOTTOM OF THE 2ND |
Chattanooga Chinpokomon batting - Pitching for Trenton Stars : RHP Darrell Stanley
|
Batting: RHB Jim Beck
|
0-0: Ball 1-0: Foul Ball, location: 2F 1-1: Ball 2-1: Ball 3-1: Ground out 5-3 (Groundball, 56)
|
Batting: RHB Juan Pérez
|
0-0: Ball 1-0: Ground out 6-3 (Groundball, 6M)
|
Batting: RHB Jesús Ramírez
|
0-0: Ball 1-0: Ball 2-0: Ball 3-0: Base on Balls
|
Batting: RHB Donald White
|
0-0: Foul Ball, location: 2F 0-1: Called Strike 0-2: Ball 1-2: Strikes out swinging
|
Bottom of the 2nd over - 0 run(s), 0 hit(s), 0 error(s), 1 left on base; Trenton 0 - Chattanooga 1 |
TOP OF THE 3RD |
Trenton Stars batting - Pitching for Chattanooga Chinpokomon : LHP Dwight Livingston
|
Batting: LHB Jeff Gordon
|
0-0: Foul Ball, location: 2F 0-1: Foul Ball, location: 2F 0-2: Strikes out swinging
|
Batting: RHB Felipe Olivas
|
0-0: Foul Ball, location: 2F 0-1: Swinging Strike 0-2: Foul Ball, location: 2F 0-2: Strikes out swinging
|
Batting: RHB Kenji Murayama
|
0-0: Ball 1-0: Ball 2-0: Ball 3-0: Called Strike 3-1: Base on Balls
|
Batting: SHB Nick Marshall
|
0-0: SINGLE (Groundball, 15S) (infield hit) Kenji Murayama to second
|
Batting: LHB Eugene Miller
|
0-0: Called Strike 0-1: Swinging Strike 0-2: Ball 1-2: Ball 2-2: Strikes out swinging
|
Top of the 3rd over - 0 run(s), 1 hit(s), 0 error(s), 2 left on base; Trenton 0 - Chattanooga 1 |
BOTTOM OF THE 3RD |
Chattanooga Chinpokomon batting - Pitching for Trenton Stars : RHP Darrell Stanley
|
Batting: RHB Patrick Potts
|
0-0: Swinging Strike 0-1: Ball 1-1: Ball 2-1: Foul Ball, location: 2F 2-2: Ball 3-2: SOLO HOME RUN (Flyball, 7D), Distance : 370 ft
|
Batting: RHB Kyung-bok Cho
|
0-0: Bunt missed! 0-1: Ball 1-1: Ball 2-1: Ball 3-1: Base on Balls
|
Batting: RHB Casey Fox
|
0-0: Foul Ball, location: 2F 0-1: Ball 1-1: Ball Kyung-bok Cho steals 2nd base 2-1: SINGLE (Groundball, 6MD) Kyung-bok Cho to third Runner from 3rd tries for Home, SAFE, no throw
|
Batting: RHB Cristo García
|
0-0: Ball Casey Fox is caught stealing 2nd base 1-0: SINGLE (Groundball, 34D)
|
Batting: RHB Armando Cuevas
|
0-0: Ball 1-0: Ball 2-0: Ball 3-0: Base on Balls Cristo García to second
|
Batting: RHB Jim Beck
|
0-0: Grounds into double play, 6-4-3 (Groundball, 6)
|
Bottom of the 3rd over - 2 run(s), 3 hit(s), 0 error(s), 1 left on base; Trenton 0 - Chattanooga 3 |
TOP OF THE 4TH |
Trenton Stars batting - Pitching for Chattanooga Chinpokomon : LHP Dwight Livingston
|
Batting: RHB Roberto Chávez
|
0-0: Foul Ball, location: 2F 0-1: Foul Ball, location: 2F 0-2: Ground out 4-3 (Groundball, 4)
|
Batting: LHB Ricardo Brandariz
|
0-0: Swinging Strike 0-1: Fly out, F8 (Line Drive, 89D)
|
Batting: RHB Chris Cole
|
0-0: Ball 1-0: Ground out 6-3 (Groundball, 6)
|
Top of the 4th over - 0 run(s), 0 hit(s), 0 error(s), 0 left on base; Trenton 0 - Chattanooga 3 |
BOTTOM OF THE 4TH |
Chattanooga Chinpokomon batting - Pitching for Trenton Stars : RHP Darrell Stanley
|
Batting: RHB Juan Pérez
|
0-0: Foul Ball, location: 2F 0-1: Foul Ball, location: 2F 0-2: Ball 1-2: Ball 2-2: DOUBLE (Groundball, 5L)
|
Batting: RHB Jesús Ramírez
|
0-0: Ball 1-0: Ball 2-0: Swinging Strike 2-1: Foul Ball, location: 2F 2-2: Ball 3-2: Ground out 4-3 (Groundball, 4) Juan Pérez to third
|
Batting: RHB Donald White
|
0-0: Called Strike 0-1: Ball 1-1: Foul Ball, location: 2F 1-2: Strikes out looking
|
Batting: RHB Patrick Potts
|
0-0: Ball 1-0: Ball 2-0: Called Strike 2-1: Ball 3-1: Base on Balls
|
Batting: RHB Kyung-bok Cho
|
0-0: Called Strike 0-1: Fielders Choice at 2nd, 6-4 (Groundball, 56)
|
Bottom of the 4th over - 0 run(s), 1 hit(s), 0 error(s), 1 left on base; Trenton 0 - Chattanooga 3 |
TOP OF THE 5TH |
Trenton Stars batting - Pitching for Chattanooga Chinpokomon : LHP Dwight Livingston
|
Batting: LHB Ju-wei Shiu
|
0-0: Ball 1-0: Foul Ball, location: 2F 1-1: Swinging Strike 1-2: Ball 2-2: Ball 3-2: Base on Balls
|
Batting: LHB Jeff Gordon
|
0-0: Reached on error, E9 (Flyball, 9D) Ju-wei Shiu to third
|
Batting: RHB Felipe Olivas
|
0-0: Foul Ball, location: 2F 0-1: Ball 1-1: Ball 2-1: Fly out, F9 (Flyball, 89D) Runner from 3rd tags up, SCORES, no throw
|
Batting: RHB Kenji Murayama
|
0-0: Called Strike 0-1: Fly out, F8 (Flyball, 78XD) Runner from 2nd tags up, SAFE at 3rd, no throw
|
Batting: SHB Nick Marshall
|
0-0: Ball 1-0: Ball 2-0: Called Strike 2-1: Swinging Strike 2-2: Strikes out swinging
|
Top of the 5th over - 1 run(s), 0 hit(s), 1 error(s), 1 left on base; Trenton 1 - Chattanooga 3 |
BOTTOM OF THE 5TH |
Chattanooga Chinpokomon batting - Pitching for Trenton Stars : RHP Darrell Stanley
|
Batting: RHB Casey Fox
|
0-0: Ground out 6-3 (Groundball, 6)
|
Batting: RHB Cristo García
|
0-0: Called Strike 0-1: Ball 1-1: Ball 2-1: Foul Ball, location: 2F 2-2: Foul Ball, location: 2F 2-2: SINGLE (Flyball, 9LS)
|
Batting: RHB Armando Cuevas
|
0-0: Ball 1-0: Fly out, F4 (Popup, 4)
|
Batting: RHB Jim Beck
|
0-0: Ball 1-0: Ball 2-0: Swinging Strike 2-1: Fly out, F7 (Flyball, 7)
|
Bottom of the 5th over - 0 run(s), 1 hit(s), 0 error(s), 1 left on base; Trenton 1 - Chattanooga 3 |
TOP OF THE 6TH |
Trenton Stars batting - Pitching for Chattanooga Chinpokomon : LHP Dwight Livingston
|
Batting: LHB Eugene Miller
|
0-0: Called Strike 0-1: Ball 1-1: Ball 2-1: Foul Ball, location: 2F 2-2: Ball 3-2: Foul Ball, location: 2F 3-2: Strikes out swinging
|
Batting: RHB Roberto Chávez
|
0-0: Ball 1-0: Swinging Strike 1-1: TRIPLE (Flyball, 9LD)
|
Batting: LHB Ricardo Brandariz
|
0-0: Ball 1-0: Called Strike 1-1: Ball 2-1: Ball 3-1: Called Strike 3-2: Base on Balls
|
Batting: RHB Chris Cole
|
0-0: Foul Ball, location: 2F 0-1: Ball 1-1: Called Strike 1-2: SINGLE (Line Drive, 34) Roberto Chávez scores Ricardo Brandariz to second
|
Batting: LHB Ju-wei Shiu
|
0-0: Called Strike 0-1: Ball 1-1: Foul Ball, location: 2F 1-2: Ball 2-2: Fielders Choice at 2nd, 6-4 (Groundball, 6) Ricardo Brandariz to third
|
Batting: LHB Jeff Gordon
|
0-0: Fielders Choice at 2nd, 4-6 (Groundball, 4)
|
Top of the 6th over - 1 run(s), 2 hit(s), 0 error(s), 1 left on base; Trenton 2 - Chattanooga 3 |
BOTTOM OF THE 6TH |
Chattanooga Chinpokomon batting - Pitching for Trenton Stars : RHP Darrell Stanley
|
Batting: RHB Juan Pérez
|
0-0: Called Strike 0-1: Ball 1-1: Called Strike 1-2: Ball 2-2: Strikes out looking
|
Batting: RHB Jesús Ramírez
|
0-0: Foul Ball, location: 2F 0-1: Foul Ball, location: 2F 0-2: Ball 1-2: Ground out 4-3 (Groundball, 4)
|
Batting: RHB Donald White
|
0-0: SINGLE (Line Drive, 78S)
|
Pitching: RHP Jonathan Booker
|
|
Batting: RHB Patrick Potts
|
0-0: Ball 1-0: Ball 2-0: Foul Ball, location: 2F 2-1: Ball 3-1: Swinging Strike 3-2: Base on Balls Donald White to second
|
Batting: RHB Kyung-bok Cho
|
0-0: Ball 1-0: Called Strike 1-1: SINGLE (Line Drive, 9S) Donald White to third Patrick Potts to second
|
Batting: RHB Casey Fox
|
0-0: Reached on error, E5 (Groundball, 56) Donald White scores Patrick Potts to third Kyung-bok Cho to second
|
Batting: RHB Cristo García
|
0-0: Ball 1-0: Fielders Choice at 2nd, 6-4 (Groundball, 6)
|
Bottom of the 6th over - 1 run(s), 2 hit(s), 1 error(s), 2 left on base; Trenton 2 - Chattanooga 4 |
TOP OF THE 7TH |
Trenton Stars batting - Pitching for Chattanooga Chinpokomon : LHP Dwight Livingston
|
Batting: RHB Felipe Olivas
|
0-0: Foul Ball, location: 2F 0-1: Ball 1-1: Called Strike 1-2: Foul Ball, location: 2F 1-2: Fly out, F9 (Flyball, 9)
|
Batting: RHB Kenji Murayama
|
0-0: Foul Ball, location: 2F 0-1: Foul Ball, location: 2F 0-2: Foul Ball, location: 2F 0-2: Ball 1-2: Ground out 6-3 (Groundball, 6)
|
Batting: SHB Nick Marshall
|
0-0: Called Strike 0-1: Ball 1-1: Called Strike 1-2: Foul Ball, location: 2F 1-2: Strikes out swinging
|
Top of the 7th over - 0 run(s), 0 hit(s), 0 error(s), 0 left on base; Trenton 2 - Chattanooga 4 |
BOTTOM OF THE 7TH |
Chattanooga Chinpokomon batting - Pitching for Trenton Stars : RHP Jonathan Booker
|
Batting: RHB Armando Cuevas
|
0-0: Fly out, F9 (Flyball, 89M)
|
Batting: RHB Jim Beck
|
0-0: Foul Ball, location: 2F 0-1: SINGLE (Groundball, 6MD)
|
Batting: RHB Juan Pérez
|
0-0: Ball 1-0: SINGLE (Line Drive, 8LS) Jim Beck to second
|
Pinch Hitting: RHB Luis Antonio Velásquez
|
0-0: Ball 1-0: Called Strike 1-1: Ball 2-1: Ball 3-1: Fly out, F7 (Line Drive, 7)
|
Pinch Hitting: RHB Jesús Tisnado
|
0-0: Swinging Strike 0-1: Ball 1-1: Ball 2-1: Ball 3-1: Foul Ball, location: 2F 3-2: Base on Balls Jim Beck to third Juan Pérez to second
|
Batting: RHB Patrick Potts
|
0-0: Ball 1-0: Ball 2-0: Foul Ball, location: 2F 2-1: Ball 3-1: Foul Ball, location: 2F 3-2: Base on Balls Jim Beck scores Juan Pérez to third Jesús Tisnado to second
|
Batting: RHB Kyung-bok Cho
|
0-0: Called Strike 0-1: Ground out 1-3 (Groundball, 13)
|
Bottom of the 7th over - 1 run(s), 2 hit(s), 0 error(s), 3 left on base; Trenton 2 - Chattanooga 5 |
TOP OF THE 8TH |
Trenton Stars batting - Pitching for Chattanooga Chinpokomon : LHP Dwight Livingston
|
Pitching: LHP Bob Quested
|
|
Now at SS: Fernando Pérez
|
|
Now in RF: Manuel Ortega
|
|
Batting: LHB Eugene Miller
|
0-0: Called Strike 0-1: Ground out 3-1 (Groundball, 34)
|
Batting: RHB Roberto Chávez
|
0-0: Ball 1-0: Called Strike 1-1: Ball 2-1: Foul Ball, location: 2F 2-2: Strikes out swinging
|
Batting: LHB Ricardo Brandariz
|
0-0: Ball 1-0: Ball 2-0: Called Strike 2-1: Swinging Strike 2-2: Strikes out looking
|
Top of the 8th over - 0 run(s), 0 hit(s), 0 error(s), 0 left on base; Trenton 2 - Chattanooga 5 |
BOTTOM OF THE 8TH |
Chattanooga Chinpokomon batting - Pitching for Trenton Stars : RHP Jonathan Booker
|
Batting: RHB Casey Fox
|
0-0: Ball 1-0: Ball 2-0: Ball 3-0: Base on Balls
|
Batting: RHB Cristo García
|
0-0: Ball 1-0: Fly out, F9 (Flyball, 89M)
|
Batting: RHB Armando Cuevas
|
0-0: Ball 1-0: Ball 2-0: Reached on error, E1 (Groundball, 13) Casey Fox to second
|
Batting: RHB Jim Beck
|
0-0: Ball 1-0: Fly out, F9 (Flyball, 9)
|
Batting: RHB Juan Pérez
|
0-0: Called Strike 0-1: Ball 1-1: Foul Ball, location: 2F 1-2: Ball 2-2: Ball 3-2: Fly out, F8 (Flyball, 8LS)
|
Bottom of the 8th over - 0 run(s), 0 hit(s), 1 error(s), 2 left on base; Trenton 2 - Chattanooga 5 |
TOP OF THE 9TH |
Trenton Stars batting - Pitching for Chattanooga Chinpokomon : LHP Bob Quested
|
Pitching: RHP Ricardo Trujillo
|
|
Batting: RHB Chris Cole
|
0-0: Foul Ball, location: 2F 0-1: Swinging Strike 0-2: Ball 1-2: Fly out, F3 (Line Drive, 3)
|
Batting: LHB Ju-wei Shiu
|
0-0: Called Strike 0-1: Ball 1-1: Ball 2-1: Ground out U3 (Groundball, 3)
|
Batting: LHB Jeff Gordon
|
0-0: Fly out, F8 (Line Drive, 78M)
|
Top of the 9th over - 0 run(s), 0 hit(s), 0 error(s), 0 left on base; Trenton 2 - Chattanooga 5 |
|